 Dungeon Crawl Stone Soup version 0.21.1-1-g345015f (webtiles) character file.

25 FRamirez the Grave Robber (level 2, -2/19 HPs)
             Began as a Vampire Necromancer on Mar 19, 2018.
             Killed from afar by a dart slug (5 damage)
             ... with a slug dart
             ... on level 1 of the Dungeon.
             The game lasted 00:06:17 (523 turns).

FRamirez the Grave Robber (Vampire Necromancer)      Turns: 523, Time: 00:06:18

Health: -2/19      AC:  2    Str:  7    XL:     2   Next: 86%
Magic:  0/5        EV: 13    Int: 17    God:
Gold:   25         SH:  0    Dex: 14    Spells: 4/5 levels left

rFire    . . .     SeeInvis +   d - +0 short sword
rCold    . . .     Gourm    .   (no shield)
rNeg     + . .     Faith    .   a - +0 robe
rPois    .         Spirit   .   (no helmet)
rElec    .         Reflect  .   (no cloak)
rCorr    .         Harm     .   (no gloves)
MR       .....     Rnd*Tele +   (no boots)
Stlth    ++........             (no amulet)
HPRegen  0.06/turn              g - ring of teleportation (curse)
MPRegen  0.09/turn              (no ring)

@: no status effects
A: fangs 3, see invisible, unbreathing
a: no special abilities


You were on level 1 of the Dungeon.
You were not thirsty.

You visited 1 branch of the dungeon, and saw 1 of its levels.

You collected 25 gold pieces.

Inventory:

Hand Weapons
 d - a +0 short sword (weapon)
Armour
 a - a +0 robe (worn)
Jewellery
 g - a cursed ring of teleportation (left hand)
Potions
 c - a potion of blood
 e - a potion of flight {unknown}
 f - a potion of lignification {unknown}
Books
 b - a book of Necromancy

   Spells                             Type                      Level
   a - Pain                           Necromancy                   1
   b - Animate Skeleton               Necromancy                   1
   c - Vampiric Draining              Necromancy                   3
   d - Regeneration                   Charms/Necromancy            3
   e - Animate Dead                   Necromancy                   4
   f - Borgnjor's Vile Clutch         Necromancy/Earth             5


   Skills:
 + Level 2.4 Dodging
 + Level 3.0 Stealth
 + Level 2.3 Spellcasting
 + Level 5.0 Necromancy


You had 4 spell levels left.
You knew the following spells:

 Your Spells              Type           Power        Failure   Level  Hunger
a - Pain                  Necr           ###.         2%          1    #......


Dungeon Overview and Level Annotations

Branches:
Dungeon (1/15)

Altars:


Innate Abilities, Weirdness & Mutations

You have razor-sharp teeth.
You have supernaturally acute eyesight. (SInv)
You can survive without breathing.


Message History

The dart slug launches a dart at you. The slug dart hits you!
* * * LOW HITPOINT WARNING * * *
Your magical contamination has completely faded away.
Casting: Pain
Confirm with . or Enter, or press ? or * to list all spells.
Aiming: Pain
Press: ? - help, Shift-Dir - straight line, f - dart slug
Aim: a dart slug (lightly wounded, chance to defeat MR: 89%)
The dart slug writhes in agony!
Casting: Pain
Confirm with . or Enter, or press ? or * to list all spells.
Aiming: Pain
Press: ? - help, Shift-Dir - straight line, f/p - dart slug
Aim: a dart slug (severely wounded, clinging, chance to defeat MR: 89%)
The dart slug barely resists.
You are too injured to fight recklessly!
The dart slug launches a dart at you. The slug dart hits you!
You die...

#####.................#
##...............####.#
##.#.............####.#####
#............>............#
....†..................##**
#......†.......#.####.##
##+##............# #.#
#..##..#.#.##..#.####.#########
#...............@.............#
...##.##.#......w...........#.#
#..............#..##.....##.#.#
...........##..#..##...#.##.#.#
.......................)......#
.)..#..........#..##..##.##.###
#...#.##.......#..###.##.##.#
#...#.##...##..#..# #.......#
....†..........#..###.##.####


You could see a dart slug.

Vanquished Creatures
  A leopard gecko (D:1)
  3 bats (D:1)
  3 goblins (D:1)
  3 hobgoblins (D:1)
  4 jackals (D:1)
  2 frilled lizards (D:1)
  A kobold (D:1)
  5 rats (D:1)
22 creatures vanquished.

Notes
Turn   | Place    | Note
-------+----------+-------------------------------------------
     0 | D:1      | FRamirez the Vampire Necromancer began the quest for the Orb.
     0 | D:1      | Reached XP level 1. HP: 13/13 MP: 3/3
   148 | D:1      | Reached XP level 2. HP: 10/19 MP: 0/5
   412 | D:1      | Reached skill level 5 in Necromancy
   523 | D:1      | Killed from afar by a dart slug

Skill      XL: |  1  2 |
---------------+-------+-----
Necromancy     | 5 |  5.0
Dodging        | |  2.4
Stealth        | |  3.0
Spellcasting   | |  2.3

Action                   || total
-------------------------++-------
Melee: Short sword       ||    10
       Bite              ||     2
 Cast: Pain              ||    31
  Use: Scroll            ||     1
 Stab: Sleeping          ||     1
  Eat: Corpse            ||     2
Armor: Robe              ||     4
Dodge: Dodged            ||    18
